[Event "*** Titled Tuesday Blitz"]
[Site "Chess.com"]
[Date "2021.02.09"]
[Round "1"]
[White "NovikovaGalina"]
[Black "VMikhalevski"]
[Result "0-1"]
[WhiteElo "2366"]
[BlackElo "2689"]
[TimeControl "180+1"]
[EndTime "10:05:08 PST"]
[Termination "VMikhalevski won by checkmate"]

1. e4 e5 2. Nf3 Nc6 3. d4 exd4 4.
Nxd4 Nf6 5. Nxc6 bxc6 6. Qe2 d5 7. exd5+ Be7 8. Nc3 cxd5 9. Be3 O-O 10. O-O-O c5 11.
Bg5 Bg4 12. f3 Be6 13. Ne4 Nxe4 14. Bxe7 Qxe7 15. fxe4 d4 16. Kb1 Rfd8 17. h4 c4 18. Ka1 c3 19. b3 Qa3 20. Rb1 a5 21. Qe1 a4 22. Qc1 Qxa2+ 23. Kxa2 axb3# 0-1

[Event "*** Titled Tuesday Blitz"]
[Site "Chess.com"]
[Date "2021.02.09"]
[Round "1"]
[White "ChessWarrior3"]
[Black "Enriquack"]
[Result "0-1"]
[WhiteElo "2110"]
[BlackElo "2496"]
[TimeControl "180+1"]
[EndTime "10:05:09 PST"]
[Termination "Enriquack won by resignation"]

1. e4 c5 2. Nf3 e6 3. d4 cxd4 4. Nxd4 Nc6 5. Nb5 Nf6 6. N1c3 d6 7. Bf4 e5 8. Bg5 a6 9. Na3 b5 10. Bxf6 gxf6 11. Nd5 Bg7 12. Bd3 Ne7 13. Ne3 d5 14.
exd5 f5 15. f3 O-O 16. c4 e4 17. fxe4 fxe4 18. Bxe4 Bxb2 19. Qh5 Ng6 20. Rb1 Bxa3 21. Ng4 Bxg4 22. Qxg4 f5 23. Bxf5 Rxf5 24. Qxf5 Qh4+ 25. g3 Re8+ 26. Kf2 Bc5+ 27. Kg2 Re2+ 28. Kf1 Qxc4 29. Qc8+ Re8+ 0-1

[Event "*** Titled Tuesday Blitz"]
[Site "Chess.com"]
[Date "2021.02.09"]
[Round "1"]
[White "Goryachkina"]
[Black "Kurkusha"]
[Result "1-0"]
[WhiteElo "2675"]
[BlackElo "2352"]
[TimeControl "180+1"]
[EndTime "10:05:11 PST"]
[Termination "Goryachkina won by resignation"]

1. e4 e5 2. Nf3 Nc6 3. Nc3 Nf6 4. h3 Bc5 5. Nxe5 Nxe5 6. d4 Bxd4 7. Qxd4 Nc6 8. Qd1 Qe7 9. Bd3 d5 10. O-O dxe4 11.
Nxe4 Nxe4 12. Bxe4 O-O 13. Re1 Be6 14. Qh5 g6 15. Qh6 Qf6 16. Bg5 Qg7 17. Qh4 Rfe8 18. Bf6 Qf8 19. Bxc6 bxc6 20. Re5 Bf5 21. Rxf5 1-0

[Event "*** Titled Tuesday Blitz"]
[Site "Chess.com"]
[Date "2021.02.09"]
[Round "1"]
[White "KetiGrant"]
[Black "Nesty_Javi_Chess"]
[Result "0-1"]
[WhiteElo "2343"]
[BlackElo "2654"]
[TimeControl "180+1"]
[EndTime "10:05:11 PST"]
[Termination "Nesty_Javi_Chess won on time"]

1. e4 e5 2. Nf3 Nc6 3. Bb5 f5 4. d3 fxe4 5. dxe4 d6 6. h3 Nf6 7. Nc3 Be7 8. O-O O-O 9. Bg5 Kh8 10. Qd2 Be6 11. Rad1 a6 12. Bxc6 bxc6 13. Qe2 Qe8 14.
Nh4 Nh5 15. Bxe7 Nf4 16. Qe3 Qxe7 17. Qg3 Rf6 18. Kh2 Raf8 19. Qg5 Qf7 20. Rd2 Rh6 21.
Nf5 Rg6 0-1

[Event "*** Titled Tuesday Blitz"]
[Site "Chess.com"]
[Date "2021.02.09"]
[Round "1"]
[White "fabianvivasz"]
[Black "jimis98"]
[Result "1-0"]
[WhiteElo "2339"]
[BlackElo "2569"]
[TimeControl "180+1"]
[EndTime "10:05:16 PST"]
[Termination "fabianvivasz won by checkmate"]

1. e4 e6 2. d4 d5 3. Nd2 Nf6 4. e5 Nfd7 5. Ngf3 c5 6. c3 Nc6 7. Bd3 Qb6 8. O-O cxd4 9. cxd4 Nxd4 10. Nxd4 Qxd4 11. Nf3 Qb6 12. a3 Be7 13. Qa4 O-O 14.
Bg5 Bxg5 15. Bxh7+ Kxh7 16. Nxg5+ Kg6 17. Qh4 Nxe5 18. Rae1 Nc4 19. Qg3 Re8 20. Nxe6+ Kf6 21. Qg5# 1-0

[Event "*** Titled Tuesday Blitz"]
[Site "Chess.com"]
[Date "2021.02.09"]
[Round "1"]
[White "zim0ne"]
[Black "agartha01"]
[Result "0-1"]
[WhiteElo "2531"]
[BlackElo "2276"]
[TimeControl "180+1"]
[EndTime "10:05:17 PST"]
[Termination "agartha01 won by resignation"]

1. e4 c5 2. Nf3 e6 3. d4 cxd4 4. Nxd4 a6 5. Bd3 Nc6 6. Nb3 Nf6 7. O-O Be7 8. f4 d5 9. e5 Ne4 10. Qg4 Qb6+ 11. Kh1 Nf2+ 12. Rxf2 Qxf2 13. Bd2 Nb4 14. Qxg7 Rf8 15. Qxh7 Nxc2 16. Nc3 Nxa1 17. Nd1 Qh4 18.
Qxh4 Bxh4 19. Nxa1 Bd7 20. g3 Be7 21. h4 Bb5 22.
Bc2 Kd7 23. a4 Be2 24. Nc3 Bf3+ 25. Kh2 d4 26. Ne4 Rac8 27. Bd3 Bd1 28. a5 Ba4 29. h5 Bd1 30. h6 Rh8 31. f5 exf5 32. Nf6+ Ke6 33.
Nh5 Bxh5 0-1

[Event "*** Titled Tuesday Blitz"]
[Site "Chess.com"]
[Date "2021.02.09"]
[Round "1"]
[White "Chandradi"]
[Black "Misi_95"]
[Result "1-0"]
[WhiteElo "2330"]
[BlackElo "2582"]
[TimeControl "180+1"]
[EndTime "10:05:23 PST"]
[Termination "Chandradi won on time"]

1. Nf3 Nf6 2. g3 g6 3. Bg2 Bg7 4. c4 O-O 5. O-O d6 6. Nc3 c6 7. d3 e5 8. Bg5 h6 9. Bxf6 Qxf6 10. Rb1 a5 11. a3 Qe7 12. b4 axb4 13. axb4 f5 14. Qc2 Ra3 15. Rb3 Rxb3 16. Qxb3 Kh7 17. Nd2 Nd7 18. Ra1 e4 19. dxe4 f4 20. Ra8 Qf6 21. Nd1 1-0

[Event "*** Titled Tuesday Blitz"]
[Site "Chess.com"]
[Date "2021.02.09"]
[Round "1"]
[White "Angry_Twin"]
[Black "Vamostodorecto"]
[Result "1-0"]
[WhiteElo "2824"]
[BlackElo "2419"]
[TimeControl "180+1"]
[EndTime "10:05:24 PST"]
[Termination "Angry_Twin won by resignation"]

1. e4 e5 2. Nf3 Nc6 3. Bc4 Bc5 4. c3 d6 5. O-O Bb6 6. a4 Nf6 7. d3 h6 8. Nbd2 O-O 9. h3 Nh7 10. Re1 Qf6 11. Nf1 Ng5 12. N1h2 a5 13. Be3 Bxe3 14.
fxe3 Ne7 15. Rf1 Ng6 16. Kh1 Qe7 17. Nxg5 Qxg5 18. Qe2 c6 19. Rf2 Be6 20. b3 d5 21.
exd5 cxd5 22. Bb5 f5 23. Raf1 f4 24. Nf3 Qf6 25. exf4 Nxf4 26. Qxe5 Bxh3 27. Qxf6 Rxf6 28. gxh3 Nxh3 29. Rh2 Ng5 30. Nd2 Rf7 31. Rxf7 Kxf7 32. Rf2+ Ke6 33. d4 Kd6 34. c4 Re8 35. Bxe8 1-0

[Event "*** Titled Tuesday Blitz"]
[Site "Chess.com"]
[Date "2021.02.09"]
[Round "1"]
[White "Chessmasterzt"]
[Black "Mbneu"]
[Result "1-0"]
[WhiteElo "2622"]
[BlackElo "2319"]
[TimeControl "180+1"]
[EndTime "10:05:24 PST"]
[Termination "Chessmasterzt won by resignation"]

1. d4 Nf6 2. c4 c5 3. e3 e6 4. Nf3 d5 5. cxd5 exd5 6. Bb5+ Bd7 7. Bxd7+ Nbxd7 8. dxc5 Nxc5 9. O-O Bd6 10. b3 O-O 11. Bb2 Nce4 12. Nc3 Rc8 13. Rc1 Bb4 14. Ne2 Qa5 15. a4 Nc3 16. Bxc3 Bxc3 17. Qd3 Ne4 18. Nf4 Rfd8 19. Rfd1 Qb4 20. Nxd5 Nc5 21. Nxb4 Nxd3 22. Nxd3 1-0

[Event "*** Titled Tuesday Blitz"]
[Site "Chess.com"]
[Date "2021.02.09"]
[Round "1"]
[White "kekic76"]
[Black "BahadirOzen"]
[Result "0-1"]
[WhiteElo "2385"]
[BlackElo "2726"]
[TimeControl "180+1"]
[EndTime "10:05:25 PST"]
[Termination "BahadirOzen won by resignation"]

1. e4 g6 2. d4 Bg7 3. Nc3 d6 4.
f3 a6 5. Be3 b5 6. Qd2 Nd7 7. h4 h6 8. Nh3 Bb7 9. a4 b4 10. Nd1 a5 11. c3 Ngf6 12. Bc4 d5 13. exd5 Nxd5 14. Bxd5 Bxd5 15. cxb4 axb4 16. Qxb4 Rb8 17.
Qa5 e6 18. Nf4 O-O 19. Nxd5 exd5 20. Qxd5 c6 21. Qxc6 Qa5+ 22. Kf2 Nf6 23. Qc3 Qf5 24. Re1 Ne4+ 25. Kg1 Nxc3 26. bxc3 Rfe8 27. a5 Ra8 28. a6 Re6 29. a7 Re7 30. d5 Qxd5 31. Bf2 Rxe1+ 32. Bxe1 Rxa7 33. Rxa7 Qxd1 0-1

[Event "*** Titled Tuesday Blitz"]
[Site "Chess.com"]
[Date "2021.02.09"]
[Round "1"]
[White "ckgchess"]
[Black "DvaHrasta"]
[Result "1-0"]
[WhiteElo "2737"]
[BlackElo "2391"]
[TimeControl "180+1"]
[EndTime "10:05:26 PST"]
[Termination "ckgchess won on time"]

1. e4 c6 2. d4 d5 3. e5 c5 4. dxc5 e6 5. a3 Bxc5 6. Qg4 Ne7 7. Nf3 O-O 8. Bd3 f5 9. Qg3 Nbc6 10. O-O a5 11. h4 b6 12. h5 Ba6 13. Bxa6 Rxa6 14. h6 g6 15. Bg5 a4 16. Nc3 Ra7 17. Ne2 d4 18. Rad1 Rd7 19. Nf4 Kf7 20. Bf6 Qa8 21.
Ng5+ Kg8 22. Ngxe6 Re8 23. b4 axb3 24. Nxc5 bxc5 25.
Qxb3+ Nd5 26. Nxd5 1-0

[Event "*** Titled Tuesday Blitz"]
[Site "Chess.com"]
[Date "2021.02.09"]
[Round "1"]
[White "SaraciNderim"]
[Black "Egorov_Pavel"]
[Result "1-0"]
[WhiteElo "2819"]
[BlackElo "2411"]
[TimeControl "180+1"]
[EndTime "10:05:28 PST"]
[Termination "SaraciNderim won on time"]

1. d4 Nf6 2. Nf3 g6 3. Bg5 Bg7 4. e3 O-O 5. Nbd2 d6 6. Bc4 h6 7. Bh4 g5 8. Bg3 Nh5 9. c3 Nxg3 10. hxg3 e5 11. dxe5 dxe5 12. e4 Qe7 13. Nf1 Be6 14.
Bxe6 Qxe6 15. Ne3 Nc6 16. Nf5 Ne7 17. Nxg5 Qf6 18. Nxe7+ Qxe7 19. Nf3 f5 20. Qd5+ Qf7 21. Qxf7+ Rxf7 22. exf5 e4 23. Nh4 Bf6 24. Ke2 Kg7 25. Rad1 Re8 26. Ng6 Bg5 27. g4 e3 28. f4 Bf6 29. Rd3 1-0

[Event "*** Titled Tuesday Blitz"]
[Site "Chess.com"]
[Date "2021.02.09"]
[Round "1"]
[White "TST2014"]
[Black "chesslh19"]
[Result "1-0"]
[WhiteElo "2560"]
[BlackElo "2251"]
[TimeControl "180+1"]
[EndTime "10:05:28 PST"]
[Termination "TST2014 won by resignation"]

1. d4 Nf6 2. c4 e6 3. Nf3 d5 4. Nc3 Be7 5. Bf4 O-O 6. e3 c5 7. dxc5 Bxc5 8. Qc2 Nc6 9. a3 Qa5 10. Rd1 Ne4 11. cxd5 Nxc3 12. bxc3 exd5 13. Rxd5 Qxa3 14. Bc4 Ne7 15. Rd1 Bf5 16. e4 Bg4 17. O-O Ng6 18. Ra1 Nxf4 19. Rxa3 Bxa3 20. Ne5 Be6 21. g3 Nh3+ 22.
Kg2 Bd6 23. Bxe6 fxe6 24. Nc4 1-0

[Event "*** Titled Tuesday Blitz"]
[Site "Chess.com"]
[Date "2021.02.09"]
[Round "1"]
[White "AryanTari"]
[Black "Taran2004"]
[Result "1-0"]
[WhiteElo "2905"]
[BlackElo "2451"]
[TimeControl "180+1"]
[EndTime "10:05:29 PST"]
[Termination "AryanTari won by resignation"]

1. Nf3 Nf6 2. b3 g6 3. Bb2 Bg7 4. g3 O-O 5. Bg2 d6 6. d4 c5 7.
c4 Nc6 8. O-O a6 9. Qc1 Bg4 10.
dxc5 dxc5 11. Rd1 Qc7 12. Nc3 Rad8 13. Nd5 Nxd5 14. Bxg7 Kxg7 15. cxd5 Bxf3 16. Bxf3 Ne5 17. Bg2 Kg8 18. Qc3 Qd6 19. Rac1 b6 20. e4 Ng4 21. f4 h5 22. e5 Qd7 23. Re1 e6 24. d6 Nh6 25. b4 Rc8 26. bxc5 Rxc5 27. Qb4 Qa7 28. Rxc5 bxc5 29. Qb7 Qxb7 30. Bxb7 Rd8 31. Rc1 Nf5 32.
Rxc5 f6 33. Bxa6 fxe5 34. fxe5 Ra8 35. Rc8+ Rxc8 36. Bxc8 Kf8 37. Bxe6 Nd4 38. Bd5 Ke8 39. Kf2 Kd7 40. Ke3 Nc2+ 41. Kf4 Nb4 42. Be4 Nxa2 43. Bxg6 Nb4 44. Bf5+ Ke8 45. e6 Nd5+ 46. Ke5 Ne3 47. Bg6+ Kf8 48. e7+ Kg7 49. e8=Q 1-0

[Event "*** Titled Tuesday Blitz"]
[Site "Chess.com"]
[Date "2021.02.09"]
[Round "1"]
[White "Grandmaster1369"]
[Black "ErikBlomqvist"]
[Result "0-1"]
[WhiteElo "2191"]
[BlackElo "2517"]
[TimeControl "180+1"]
[EndTime "10:05:30 PST"]
[Termination "ErikBlomqvist won by checkmate"]

1. e4 c6 2. d4 d5 3. Nd2 dxe4 4. Nxe4 Nd7 5. Bc4 Ngf6 6. Qf3 e6 7. Ne2 Nxe4 8. Qxe4 Nf6 9. Qh4 Be7 10. Bg5 b5 11.
Bd3 Bb7 12. O-O-O h6 13. Ng3 Qd5 14. Bxf6 Bxf6 15. Qg4 h5 16. Qe2 Qxa2 17. c3 b4 18. Ne4 bxc3 19. Nd6+ Ke7 20. Nxb7 Bg5+ 21. Rd2 Bxd2+ 22.
Kd1 Qa1+ 23. Kc2 Qxb2+ 24. Kd1 Qc1# 0-1

[Event "*** Titled Tuesday Blitz"]
[Site "Chess.com"]
[Date "2021.02.09"]
[Round "1"]
[White "SanQui14"]
[Black "sergoy"]
[Result "0-1"]
[WhiteElo "2439"]
[BlackElo "2862"]
[TimeControl "180+1"]
[EndTime "10:05:33 PST"]
[Termination "sergoy won by resignation"]

1. d4 Nf6 2. c4 e6 3. Nc3 Bb4 4. Qc2 O-O 5. a3 Bxc3+ 6. Qxc3 d6 7. Nf3 Nbd7 8. e3 Qe7 9. b4 b6 10. Bb2 Bb7 11. Bd3 Rfe8 12. O-O e5 13. dxe5 dxe5 14.
Be2 a5 15. Rac1 Ne4 16. Qc2 axb4 17. axb4 Qxb4 18. Rfd1 Rad8 19. Nxe5 Nxe5 20. Rxd8 Rxd8 21. Bxe5 Rd2 22. Qb1 Qxb1 23. Rxb1 Rxe2 24. f3 Nd2 25. Rc1 Rxe3 26. Bxc7 h5 27. Bxb6 Re2 28. Bf2 h4 29. Bxh4 Bxf3 30. gxf3 Nxf3+ 31. Kf1 Rxh2 32. Rc3 Nxh4 33.
c5 Ra2 34. c6 Ra8 35. c7 Rc8 36. Kf2 Ng6 37. Ke3 Nf8 0-1

[Event "*** Titled Tuesday Blitz"]
[Site "Chess.com"]
[Date "2021.02.09"]
[Round "1"]
[White "Grieve72"]
[Black "Firouzja2003"]
[Result "0-1"]
[WhiteElo "2465"]
[BlackElo "3023"]
[TimeControl "180+1"]
[EndTime "10:05:36 PST"]
[Termination "Firouzja2003 won by checkmate"]

1. d4 Nf6 2. Bg5 e6 3. Nd2 d5 4. e3 Nbd7 5. Bd3 Bd6 6. f4 h6 7.
Bh4 g5 8. Bg3 c5 9. fxg5 Bxg3+ 10. hxg3 Ng8 11. g6 Qg5 12. gxf7+ Kxf7 13. Qf3+ Ngf6 14.
Nh3 Qg4 15. Nf4 Rg8 16. Rxh6 Qxg3+ 17. Qxg3 Rxg3 18. Kf2 Rg7 19. Rh4 e5 20. Nh5 Nxh5 21.
Rxh5 Nf6 22. Rh8 Ng4+ 23. Ke2 e4 24. Bb5 Nf6 25. Kf1 c4 26. c3 Ng4 27. Bd7 Nxe3+ 28. Kf2 Bxd7 29. Rxa8 Nc2 30. Re1 Nxe1 31. Kxe1 Rxg2 32.
Rxa7 Bc8 33. b3 e3 34. Nf3 Kf6 35. bxc4 Bg4 36. Ne5 Rg1# 0-1

[Event "*** Titled Tuesday Blitz"]
[Site "Chess.com"]
[Date "2021.02.09"]
[Round "1"]
[White "ZivkovicN"]
[Black "oykuince"]
[Result "1-0"]
[WhiteElo "2475"]
[BlackElo "1977"]
[TimeControl "180+1"]
[EndTime "10:05:36 PST"]
[Termination "ZivkovicN won by resignation"]

1. e4 c5 2. Nf3 e6 3. c3 d5 4.
d3 Nf6 5. Nbd2 Nc6 6. a3 Be7 7.
Be2 O-O 8. O-O b6 9. Re1 a5 10. e5 Nd7 11. d4 Ba6 12. Nf1 Bxe2 13. Qxe2 a4 14. g3 Na5 15. Bf4 cxd4 16. cxd4 Nc4 17. h4 b5 18. Bg5 Ndb6 19. N1h2 Bxg5 20. hxg5 Qe7 21. Ng4 Kh8 22. Kg2 b4 23. Rh1 bxa3 24. Qd3 g6 25. Nf6 1-0

[Event "*** Titled Tuesday Blitz"]
[Site "Chess.com"]
[Date "2021.02.09"]
[Round "1"]
[White "c_r_e_e_p_e_r"]
[Black "Lukianoo"]
[Result "1-0"]
[WhiteElo "2411"]
[BlackElo "2727"]
[TimeControl "180+1"]
[EndTime "10:05:39 PST"]
[Termination "c_r_e_e_p_e_r won by resignation"]

1. d4 Nf6 2. c4 e6 3. Nc3 Bb4 4. a3 Bxc3+ 5. bxc3 b6 6. e3 Bb7 7. f3 O-O 8. e4 d6 9. Bd3 e5 10. Ne2 h6 11. O-O Re8 12. Ng3 Nc6 13. Nf5 Bc8 14. d5 Bxf5 15. exf5 Na5 16. g4 e4 17. fxe4 Nxe4 18.
Qc2 Nc5 19. f6 Nxd3 20. Qxd3 Qd7 21. Kh1 g5 22. Qh3 1-0

[Event "*** Titled Tuesday Blitz"]
[Site "Chess.com"]
[Date "2021.02.09"]
[Round "1"]
[White "iwanyu"]
[Black "Zmeeed63"]
[Result "1-0"]
[WhiteElo "2817"]
[BlackElo "2412"]
[TimeControl "180+1"]
[EndTime "10:05:41 PST"]
[Termination "iwanyu won by resignation"]

1. d4 d5 2. Nf3 Nf6 3. c4 e6 4. e3 c6 5. Nbd2 Nbd7 6. Bd3 Bd6 7.
O-O O-O 8. e4 dxe4 9. Nxe4 Nxe4 10. Bxe4 Nf6 11. Bc2 c5 12. Be3 cxd4 13. Bxd4 Be7 14.
Qe2 Qc7 15. Rad1 g6 16. Qe3 b6 17. Qh6 Bb7 18. Ng5 e5 19. Bc3 Rad8 20. Rde1 Bd6 21. f4 Rfe8 22. f5 gxf5 23. Qxf6 1-0

[Event "*** Titled Tuesday Blitz"]
[Site "Chess.com"]
[Date "2021.02.09"]
[Round "1"]
[White "GP9isback23"]
[Black "juli2512"]
[Result "1-0"]
[WhiteElo "2517"]
[BlackElo "2187"]
[TimeControl "180+1"]
[EndTime "10:05:41 PST"]
[Termination "GP9isback23 won by resignation"]

1. d4 f5 2. Nf3 Nf6 3. g3 g6 4. Bg2 Bg7 5. O-O O-O 6. c4 d6 7. Nc3 Nc6 8. d5 Na5 9. Qd3 c5 10. Bg5 Bd7 11. Rfe1 e5 12. dxe6 Bxe6 13. b3 Qd7 14.
Rad1 Rad8 15. Bxf6 Bxf6 16. Nd5 Bg7 17. Ng5 Nc6 18. Nf4 Ne5 19. Qc2 Bf7 20. Nxf7 Nxf7 21. Bd5 Kh8 22. Ne6 f4 23. Nxf8 Rxf8 24. Bxf7 Rxf7 25.
Qe4 Be5 26. Rd3 Qe7 27. Qg2 Kg7 28. Red1 Qf6 29. Rf3 g5 30. Rfd3 h5 31. gxf4 Bxf4 32. e3 Be5 33. f4 Bb2 34. Rxd6 1-0

[Event "*** Titled Tuesday Blitz"]
[Site "Chess.com"]
[Date "2021.02.09"]
[Round "1"]
[White "LamaChampetre"]
[Black "PrinceMurad09"]
[Result "0-1"]
[WhiteElo "2228"]
[BlackElo "2546"]
[TimeControl "180+1"]
[EndTime "10:05:42 PST"]
[Termination "PrinceMurad09 won on time"]

1. d4 Nf6 2. c4 c5 3. d5 b5 4.
cxb5 a6 5. bxa6 g6 6. Nc3 Bg7 7. e4 Qa5 8. Bd2 Bxa6 9. e5 Ng8 10. Nf3 Nh6 11. d6 Bxf1 12. Kxf1 Qa6+ 13. Kg1 exd6 14. exd6 O-O 15. Bf4 Nc6 16. g3 Nf5 17. Kg2 Rab8 18. Rb1 Ncd4 19. Nd5 Qxa2 20. Ne7+ Kh8 21.
Nxd4 Nxd4 22. Be3 Rxb2 23. Qd3 Qa8+ 24. Kh3 Qf3 25. Rxb2 Qxh1 26. Bg5 Qf3 27. Qxf3 Nxf3 0-1

[Event "*** Titled Tuesday Blitz"]
[Site "Chess.com"]
[Date "2021.02.09"]
[Round "1"]
[White "Margency"]
[Black "semchik73"]
[Result "1-0"]
[WhiteElo "2653"]
[BlackElo "2341"]
[TimeControl "180+1"]
[EndTime "10:05:43 PST"]
[Termination "Margency won by resignation"]

1. e4 Nf6 2. e5 Nd5 3. c4 Nb6 4.
d4 d6 5. exd6 exd6 6. Nc3 Be7 7.
Bd3 O-O 8. Nf3 Bf6 9. h3 Nc6 10.
O-O g6 11. c5 dxc5 12. dxc5 Nd7 13. Be3 Nde5 14. Be2 Bf5 15. Nd5 Bg7 16. Bf4 Nxf3+ 17. Bxf3 Bxb2 18. Bxc7 Qd7 19. Bd6 f6 20. Qb3 Be6 21.
Qxb2 b6 22. Nxf6+ Rxf6 23. Qxf6 Bf7 24. Bxc6 Qxc6 25. Be5 Qxf6 26. Bxf6 bxc5 27. Rfd1 c4 28. Rd8+ Rxd8 29. Bxd8 Kf8 30. Rc1 Ke8 31. Bf6 Kd7 32. Bc3 Kc6 33. Rd1 Bd5 34. f3 a6 35. Kf2 Be6 36.
Ke3 Kb5 37. Rb1+ Ka4 38. Rb6 Bf5 39. Rxa6+ 1-0

[Event "*** Titled Tuesday Blitz"]
[Site "Chess.com"]
[Date "2021.02.09"]
[Round "1"]
[White "Gabrielian_Artur"]
[Black "Chessbard1972"]
[Result "1-0"]
[WhiteElo "2790"]
[BlackElo "2405"]
[TimeControl "180+1"]
[EndTime "10:05:46 PST"]
[Termination "Gabrielian_Artur won by resignation"]

1. c4 Nf6 2. Nc3 g6 3. g3 Bg7 4. Bg2 O-O 5. e4 d6 6. Nge2 c5 7. d3 Nc6 8. O-O e5 9. h3 Ne8 10. f4 f5 11. Be3 Nd4 12. Qd2 Rb8 13. Rf2 Be6 14. Raf1 Qd7 15. fxe5 dxe5 16. exf5 gxf5 17. Bh6 Kh8 18. Nxd4 cxd4 19. Nd5 Nc7 20. Nxc7 Qxc7 21. Kh2 Rf6 22. Bxg7+ Qxg7 23. Qa5 Rg6 24. Re1 e4 25.
dxe4 Rxg3 26. exf5 Bxc4 27. f6 Qg6 28. Qe5 Rg8 29. f7+ Qg7 30. fxg8=Q+ 1-0

[Event "*** Titled Tuesday Blitz"]
[Site "Chess.com"]
[Date "2021.02.09"]
[Round "1"]
[White "GregShahade"]
[Black "davigator"]
[Result "1-0"]
[WhiteElo "2680"]
[BlackElo "2353"]
[TimeControl "180+1"]
[EndTime "10:05:46 PST"]
[Termination "GregShahade won by resignation"]

1. e4 c5 2. Nf3 Nc6 3. d4 cxd4 4. Nxd4 Nf6 5. Nc3 d6 6. f3 e5 7. Nb3 Be7 8. Be3 Be6 9. Nd5 Bxd5 10. exd5 Nb8 11. Qd2 O-O 12. g4 Nbd7 13. g5 Nh5 14.
O-O-O a5 15. a4 Nb6 16. Bb5 Nf4 17. Bxf4 exf4 18. h4 f6 19. g6 hxg6 20. Qxf4 Nd7 21. Qg4 Ne5 22. Qe6+ Kh7 23. f4 Nf7 24. Rhe1 Rc8 25.
Qxe7 Qb6 26. Qe3 Qc7 27. c3 Nh6 28. Bd3 f5 29. Rg1 Ng4 30. Rxg4 fxg4 31. h5 Rf6 32. hxg6+ Kg8 33. Nd4 Qd7 34. Bb5 Qd8 35. f5 Rc7 36. Re1 1-0

[Event "*** Titled Tuesday Blitz"]
[Site "Chess.com"]
[Date "2021.02.09"]
[Round "1"]
[White "Indianlad"]
[Black "bsnsun"]
[Result "1-0"]
[WhiteElo "2918"]
[BlackElo "2453"]
[TimeControl "180+1"]
[EndTime "10:05:48 PST"]
[Termination "Indianlad won by resignation"]

1. Nf3 d5 2. e3 Nf6 3. c4 dxc4 4. Bxc4 e6 5. b3 c5 6. Bb2 Be7 7. O-O a6 8. d4 O-O 9. dxc5 Bxc5 10. Nc3 Nbd7 11.
Rc1 b5 12. Be2 Bb7 13. a4 b4 14. Nb1 Rc8 15. Nbd2 Nd5 16. Nc4 N7f6 17. Nfd2 Qe7 18. Bf3 Rfd8 19. Qe2 Ba7 20. Na5 Ba8 21. Rxc8 Rxc8 22.
Qxa6 Rc2 23. Ndc4 h5 24. Bxf6 gxf6 25. Nc6 Bxc6 26. Qxc6 f5 27. Bxd5 exd5 28. Qxd5 Bb8 29. Qxf5 Rc3 30. Qc8+ Qf8 31. Qxf8+ Kxf8 32. Rb1 Ke7 33.
g3 Ke6 34. Kg2 Kd5 35. Kf3 f5 36. a5 Kc5 37. h3 Kb5 38. g4 hxg4+ 39. hxg4 fxg4+ 40. Kxg4 Rc2 41. f4 Rg2+ 42. Kf3 Rh2 43. Ke4 Rh3 44.
f5 Rh4+ 45. Kd5 Rh5 46. e4 Rh8 47. f6 Rd8+ 48. Ke6 Re8+ 49. Kf5 Bg3 50. e5 Bxe5 51. Nxe5 Kxa5 52. f7 Rf8 53. Ke6 1-0

[Event "*** Titled Tuesday Blitz"]
[Site "Chess.com"]
[Date "2021.02.09"]
[Round "1"]
[White "MasterMK73"]
[Black "Anna_ChessMate"]
[Result "0-1"]
[WhiteElo "2232"]
[BlackElo "2549"]
[TimeControl "180+1"]
[EndTime "10:05:48 PST"]
[Termination "Anna_ChessMate won by resignation"]

1. e4 c6 2. d4 d5 3. e5 c5 4. dxc5 e6 5. Be3 Qc7 6. Nf3 Bxc5 7. Bb5+ Bd7 8. Bxd7+ Nxd7 9. Bxc5 Nxc5 10. O-O Ne7 11. c3 O-O 12. Nbd2 Nd3 13. Qe2 Nxb2 14. Rab1 Na4 15. Rfc1 Nxc3 16. Rxc3 Qxc3 17. Rxb7 Qc1+ 18. Nf1 Ng6 19. g3 Rfb8 20. Qb5 Rxb7 21. Qxb7 Qc8 22.
Qb2 h6 23. h4 Rb8 24. Qd2 Qc4 25. h5 Rb1 26. Nh2 Nxe5 27. Kg2 Qe4+ 28. f3 Qe1 29. Qd4 Qe2+ 30. Qf2 Qxf2+ 31. Kxf2 Rb2+ 32. Ke3 Nc4+ 33. Kd3 Rxa2 34. Ng4 a5 35. Nge3 Nxe3 36. Nxe3 a4 0-1

[Event "*** Titled Tuesday Blitz"]
[Site "Chess.com"]
[Date "2021.02.09"]
[Round "1"]
[White "Skat2704"]
[Black "HrvojeZagreb"]
[Result "1-0"]
[WhiteElo "2525"]
[BlackElo "2208"]
[TimeControl "180+1"]
[EndTime "10:05:48 PST"]
[Termination "Skat2704 won by resignation"]

1. d4 e6 2. c4 f5 3. g3 Nf6 4. Bg2 Be7 5. Nc3 O-O 6. Nh3 d6 7. O-O e5 8. e3 c6 9. b3 a5 10. Bb2 Qc7 11. Rc1 Rd8 12. Qe2 Na6 13. Rfd1 b6 14. Ng5 h6 15. Nf3 e4 16. Nh4 Bf8 17. Bh3 Nb4 18. Bxf5 Bxf5 19. Nxf5 Nd3 20. Rc2 Qd7 21.
Nh4 g5 22. Ng2 Ng4 23. f3 Nxb2 24. Rxb2 exf3 25. Qxf3 Bg7 26. h3 Rf8 27. Qxg4 Qxg4 28.
hxg4 Rae8 29. Rf2 Rxf2 30. Kxf2 Kf7 31. Ne1 Ke6 32. Nf3 Rf8 33. e4 Rf7 34. Ke3 c5 35.
d5+ Kd7 36. Nb5 Rf8 37. e5 dxe5 38. Ke4 Rf7 39. Nxe5+ 1-0

[Event "*** Titled Tuesday Blitz"]
[Site "Chess.com"]
[Date "2021.02.09"]
[Round "1"]
[White "hypert"]
[Black "Kapibara_Warri0r"]
[Result "1-0"]
[WhiteElo "2509"]
[BlackElo "2172"]
[TimeControl "180+1"]
[EndTime "10:05:49 PST"]
[Termination "hypert won by resignation"]

1. e4 e5 2. Nc3 Nc6 3. Nf3 Nf6 4. d4 exd4 5. Nxd4 Bb4 6. Nxc6 bxc6 7. Bd3 d5 8. exd5 O-O 9. O-O Bg4 10. Ne2 cxd5 11. c3 Ba5 12. Qc2 h6 13. h3 Bxe2 14. Bxe2 Ne4 15. Be3 Re8 16. Bb5 Re7 17. Rad1 Qd6 18.
Qa4 Bxc3 19. Bc6 Rb8 20. Bxd5 Nc5 21. Qxa7 Rxb2 22. Bxc5 Qf4 23. Bxe7 Be5 24. g3 Qf5 25. Qa8+ Kh7 26. Be4 1-0

[Event "*** Titled Tuesday Blitz"]
[Site "Chess.com"]
[Date "2021.02.09"]
[Round "1"]
[White "RobertoJBM"]
[Black "ukchessbomber"]
[Result "0-1"]
[WhiteElo "2719"]
[BlackElo "2403"]
[TimeControl "180+1"]
[EndTime "10:05:50 PST"]
[Termination "ukchessbomber won on time"]

1. d4 Nf6 2. e3 g6 3. Nf3 Bg7 4. Be2 O-O 5. O-O d6 6. c4 Nbd7 7. Nc3 e5 8. Qc2 c6 9. Rd1 Qc7 10. b4 b6 11. a4 a5 12. b5 c5 13. d5 Re8 14. e4 Nh5 15. g3 Ndf6 16. Nh4 h6 17. f3 Nh7 18. Be3 Ng5 19. Ng2 f5 20.
Rf1 f4 21. gxf4 exf4 22. Bf2 Nh3+ 23. Kh1 Nxf2+ 24. Rxf2 Bd4 25. Rff1 Bh3 26. e5 Rxe5 27. Rad1 Bxc3 28. Qxc3 Rxe2 0-1

[Event "*** Titled Tuesday Blitz"]
[Site "Chess.com"]
[Date "2021.02.09"]
[Round "1"]
[White "mbojan"]
[Black "DrMamaliga"]
[Result "1-0"]
[WhiteElo "2647"]
[BlackElo "2334"]
[TimeControl "180+1"]
[EndTime "10:05:50 PST"]
[Termination "mbojan won by resignation"]

1. e4 e5 2. d3 g6 3. h4 h5 4.
Nd2 Bg7 5. Nh3 Ne7 6. Nc4 d5 7.
exd5 Qxd5 8. Ng5 O-O 9. Be2 Nbc6 10. Bf3 Qd8 11. Be3 Nd4 12. Bxd4 Qxd4 13. c3 Qd8 14. Qe2 f6 15. Ne4 Be6 16. Rd1 Bxc4 17. dxc4 Qe8 18. Nc5 Qf7 19. Bxb7 Rab8 20. Bd5 Nxd5 21. cxd5 Qe7 22. Ne6 Rfe8 23. O-O Bh6 24. Qe4 Kf7 25. b3 Qd6 26. Rfe1 c6 27. c4 cxd5 28. cxd5 Rec8 29. Rd3 Rc1 30. Rxc1 Bxc1 31. Rc3 Bd2 32. Rc7+ 1-0